Map: Temple gelé

Players

zidar

  • Race: Zerg Zerg
  • League: Platinum
  • Spawn Location: 11:00

rioferp - Winner!

  • Race: Zerg Zerg
  • League: Platinum
  • Spawn Location: 5:00

VOD

Have the link to the VOD?

Description

Time

  • Played on: Nov. 7, 2016, 9:41 a.m.
  • Length: 14:38
Show
View Real Time Build Order
Export as new Build Order

zidar Zerg 

Build Orders: 1 Base Baneling Bust, Pool First, Muta Ling Bane, Zergling Baneling 

Get SALT Encoding   

  12  0:01  Drone  
  13  0:20  Drone  
  14  0:28  Extractor  
  13  0:31  Spawning Pool  
  13  0:33  Extractor  
  13  0:35  Drone  
  12  0:40  Drone  
  13  0:47  Drone  
  14  0:59  Overlord  
  14  1:09  Overlord  
  14  1:21  Metabolic Boost  
  14  1:34  Queen  
  16  1:46  Zergling x6  
  19  1:59  Zergling x2  
  20  2:09  Zergling x2  
  21  2:31  Baneling Nest  
  21  2:32  Zergling x4  
  22  3:03  Zergling x8  
  26  3:16  Baneling x3  
  26  3:18  Baneling  
  26  3:38  Zergling x2  
  26  3:39  Zergling x6  
  15  4:32  Zergling x4  
  15  4:33  Zergling x2  
  18  4:41  Lair  
  18  4:44  Zergling x2  
  19  4:47  Hatchery  
  18  4:58  Baneling x5  
  18  5:04  Drone x2  
  20  5:15  Zergling x2  
  21  5:21  Zergling x4  
  21  5:22  Zergling x2  
  22  5:49  Baneling x4  
  20  5:55  Spire  
  19  6:01  Queen  
  21  6:05  Drone x3  
  24  6:24  Drone x2  
  26  6:31  Drone  
  27  6:44  Drone x3  
  30  6:49  Drone  
  30  6:53  Drone  
  32  6:56  Drone  
  32  7:01  Drone  
  34  7:05  Drone  
  35  7:19  Overlord  
  35  7:20  Overlord  
  35  7:22  Overlord  
  35  7:30  Centrifical Hooks  
  35  7:36  Drone  
  36  7:38  Drone x2  
  36  7:42  Drone x3  
  41  7:57  Extractor  
  40  8:02  Drone x4  
  40  8:03  Extractor  
  43  8:19  Mutalisk  
  43  8:20  Mutalisk x5  
  46  9:00  Mutalisk x2  
  50  9:16  Mutalisk  
  50  9:27  Zergling x2  
  50  9:28  Zergling x18  
  60  9:49  Overlord  
  60  9:50  Overlord x2  
  56  10:10  Hatchery  
  55  10:18  Mutalisk  
  55  10:19  Mutalisk x5  
  67  10:30  Queen  
  67  10:32  Zergling x4  
  71  10:41  Baneling x14  
  71  10:47  Zergling x4  
  73  10:58  Overlord x2  
  73  11:19  Drone x3  
  76  11:33  Zergling x16  
  84  11:42  Overseer  
  84  11:55  Mutalisk  
  84  11:56  Mutalisk x3  
  84  11:59  Baneling  
  84  12:00  Baneling x2  
  84  12:01  Baneling  
  66  12:22  Zergling x14  
  73  12:29  Queen  
  67  13:03  Zergling x22  
  71  13:26  Baneling x5  
  71  13:27  Baneling x12  
  68  13:28  Baneling  
  68  13:44  Zergling x8  
  68  13:46  Zergling x2  
  68  13:48  Zergling x2  
  74  14:04  Evolution Chamber  
Show
View Real Time Build Order
Export as new Build Order

rioferp Zerg - Winner!

Build Orders: Pool First 

Get SALT Encoding   

  12  0:01  Drone  
  13  0:09  Drone  
  14  0:17  Overlord  
  14  0:28  Extractor  
  14  0:29  Drone  
  14  0:37  Drone x2  
  16  0:50  Spawning Pool  
  16  0:56  Drone x2  
  17  1:10  Drone  
  18  1:28  Hatchery  
  17  1:40  Zergling x6  
  20  1:56  Queen  
  20  1:58  Overlord  
  21  2:24  Zergling x6  
  21  2:26  Metabolic Boost  
  24  2:38  Baneling Nest, Zergling x2  
  24  2:46  Queen  
  26  2:53  Overlord  
  26  3:09  Drone  
  26  3:10  Drone  
  28  3:22  Baneling  
  28  3:23  Baneling x2  
  28  3:30  Evolution Chamber, Drone x2  
  28  3:32  Evolution Chamber  
  28  3:43  Lair  
  26  3:52  Drone  
  26  3:53  Drone  
  28  4:05  Zergling x2  
  28  4:06  Zergling x4  
  28  4:07  Zergling x2  
  31  4:15  Zergling x4  
  30  4:29  Zergling x8  
  26  4:39  Baneling x2  
  26  4:40  Spine Crawler  
  26  4:42  Zergling x2  
  26  4:48  Drone  
  26  4:49  Drone  
  28  4:58  Zergling x4  
  30  5:01  Drone  
  31  5:13  Drone x4  
  35  5:31  Zergling x4  
  35  5:37  Overlord x2  
  34  5:46  Zergling x6  
  33  5:52  Extractor  
  33  5:53  Roach Warren  
  33  5:54  Drone  
  32  5:58  Baneling x4  
  32  6:12  Drone x4  
  36  6:33  Roach x4  
  36  6:34  Roach x2  
  48  6:43  Queen  
  48  6:44  Overlord  
  50  6:48  Zerg Missile Weapons Level 1  
  50  6:57  Drone x2  
  52  7:04  Drone x2  
  52  7:05  Drone x2  
  52  7:08  Zerg Ground Armor Level 1  
  56  7:18  Drone  
  56  7:20  Queen  
  59  7:27  Pneumatized Carapace  
  59  7:37  Drone  
  59  7:42  Extractor x2  
  59  7:43  Spore Crawler  
  57  7:48  Spore Crawler  
  57  7:50  Hydralisk Den, Drone x5  
  60  7:56  Overlord  
  60  8:12  Overlord  
  60  8:14  Queen  
  62  8:22  Hydralisk x3  
  63  8:29  Overlord  
  63  8:38  Roach x3, Hydralisk  
  63  8:39  Roach  
  71  8:47  Hydralisk  
  73  8:51  Hydralisk  
  75  8:58  Overlord  
  71  9:06  Hydralisk x2  
  75  9:11  Overlord  
  75  9:16  Queen  
  77  9:20  Hydralisk x3  
  83  9:32  Hydralisk x2  
  87  9:48  Hydralisk  
  87  9:49  Hydralisk  
  91  9:55  Hatchery  
  90  10:05  Overlord x2  
  90  10:12  Drone x2  
  90  10:13  Overlord  
  92  10:22  Overlord x2  
  92  10:29  Zerg Missile Weapons Level 2  
  92  10:37  Hydralisk  
  94  10:52  Hydralisk x2  
  94  10:53  Hydralisk  
  100  10:58  Roach x2  
  104  11:09  Drone x2  
  104  11:10  Drone x2  
  108  11:12  Drone  
  108  11:17  Ravager x3  
  108  11:18  Ravager  
  113  11:19  Overseer  
  113  11:34  Drone x4  
  113  11:35  Drone x3  
  120  11:42  Muscular Augments  
  120  11:50  Drone x5  
  125  11:54  Zergling x4  
  106  12:10  Roach x3, Hydralisk  
  106  12:11  Hydralisk x2  
  106  12:15  Hydralisk  
  101  12:20  Hydralisk x2  
  107  12:26  Hydralisk x2  
  111  12:41  Hydralisk x2  
  111  12:42  Hydralisk  
  113  12:45  Hydralisk  
  113  12:46  Hydralisk x2  
  114  12:53  Hydralisk x3  
  118  13:03  Zergling x8  
  118  13:04  Zergling x6  
  125  13:17  Zergling x8  
  127  13:20  Hydralisk  
  127  13:25  Queen, Spore Crawler  
  130  13:38  Overlord x2  
  130  13:39  Baneling x3  
  130  13:40  Baneling x3  
  130  13:51  Baneling x4  
  130  13:56  Overlord x2  
  130  14:01  Queen  
  132  14:03  Extractor  
  132  14:04  Overlord, Extractor  
  132  14:06  Zergling x10  
  132  14:07  Zergling x6  
  132  14:08  Zergling x2  
Tags
 
Add a new tag
Caveats
  • Supply blocks, unpowered buildings, or Contaminate may cause inaccurate times.
  • Supply counts are checked every 10 seconds.